 Dungeon Crawl Stone Soup version 0.22-a0-587-g7d32d7c (webtiles) character file.

397 royokou the Firebug (level 6, -7/45 HPs)
             Began as a Hill Orc Fire Elementalist on July 4, 2018.
             Mangled by a bullfrog (8 damage)
             ... on level 4 of the Dungeon.
             The game lasted 00:14:01 (4695 turns).

royokou the Firebug (Hill Orc Fire Elementalist)    Turns: 4695, Time: 00:14:02

Health: -7/45      AC:  2    Str: 13    XL:     6   Next: 83%
Magic:  0/10       EV: 12    Int: 15    God:
Gold:   99         SH:  0    Dex: 11    Spells: 3/11 levels left

rFire    . . .     SeeInvis .   i - -1 hand axe
rCold    . . .     Gourm    .   (no shield)
rNeg     . . .     Faith    .   a - +0 robe
rPois    .         Spirit   .   (no helmet)
rElec    .         Reflect  .   (no cloak)
rCorr    .         Harm     .   (no gloves)
MR       .....                  (no boots)
Stlth    ++........             (no amulet)
HPRegen  0.15/turn              (no ring)
MPRegen  0.12/turn              (no ring)

@: no status effects
A: no striking features
a: no special abilities


You were on level 4 of the Dungeon.
You were hungry.

You visited 1 branch of the dungeon, and saw 4 of its levels.

You collected 99 gold pieces.

Inventory:

Hand Weapons
 i - a -1 hand axe (weapon)
Armour
 a - a +0 robe (worn)
 f - a +0 ring mail
 g - a +0 chain mail
Wands
 j - a wand of paralysis (10)
Scrolls
 b - a scroll of remove curse
 h - a scroll of enchant armour {unknown}
 l - a scroll of random uselessness {unknown}
 m - a scroll of amnesia
Potions
 d - a potion of heal wounds {unknown}
 e - 3 potions of curing
 k - 2 potions of brilliance {unknown}
Comestibles
 c - 7 rations


   Skills:
 + Level 2.6 Axes
 - Level 1.5 Dodging
 - Level 1.5 Stealth
 + Level 3.1 Spellcasting
 + Level 3.6 Conjurations
 + Level 5.2 Fire Magic


You had 3 spell levels left.
You knew the following spells:

 Your Spells              Type           Power        Failure   Level  Hunger
a - Flame Tongue          Conj/Fire      ###..        3%          1    #......
b - Conjure Flame         Conj/Fire      ###.....     10%         3    ###....
c - Sticky Flame          Conj/Fire      ###.....     32%         4    #####..

Your spell library contained the following spells:

 Spells                   Type           Power        Failure   Level  Hunger
 Fireball                 Conj/Fire      ###.......   65%         5    ######.
 Throw Flame              Conj/Fire      ###...       4%          2    ##.....
 Inner Flame              Hex/Fire       ##......     21%         3    ###....


Dungeon Overview and Level Annotations

Branches:
Dungeon (4/15)
 Temple: D:4-7

Altars:
Makhleb


Message History

The bullfrog is severely wounded.
The bullfrog hits you but does no damage.
The bullfrog hits you!
* * * LOW HITPOINT WARNING * * *
Casting: Flame Tongue (safe; 3% risk of failure)
Confirm with . or Enter, or press ? or * to list all spells.
Aiming: Flame Tongue (safe; 3% risk of failure)
Press: ? - help, Shift-Dir - straight line, f/p - bullfrog
Aim: a bullfrog (severely wounded)
The flame tongue hits the bullfrog.
The bullfrog is severely wounded.
The bullfrog hits you.
* * * LOW HITPOINT WARNING * * *
You are too injured to fight recklessly!
You hit the bullfrog.
The bullfrog is almost dead.
The bullfrog hits you.
* * * LOW HITPOINT WARNING * * *
The bullfrog hits you!
You die...

... ###F......## ...#
####.....## .....
########.###..### .....
#........# ##...###
......
#........######...##
....#.......##........<#
............##.........#
.......)F)..##.........#
..##..@.....).[.......#
#...<...##.........#
##########...>.....#
###..#.#### ##.#.####
#....... #.......
#....... ##......


You could see a bullfrog.

Vanquished Creatures
  An ice beast (D:3)
  An ogre (D:4)
  An orc wizard (D:4)
  A worker ant (D:4)
  6 adders
  An ooze (D:3)
  A worm (D:2)
  2 dart slugs (D:1)
  3 leopard geckos
  7 orcs
  A ball python (D:2)
  8 bats
  7 giant cockroaches
  10 goblins
  13 hobgoblins
  11 jackals
  A quokka (D:3)
  3 frilled lizards
  8 kobolds
  A leopard gecko skeleton (D:2)
  2 rats
89 creatures vanquished.

Notes
Turn   | Place    | Note
-------+----------+-------------------------------------------
     0 | D:1      | royokou the Hill Orc Fire Elementalist began the quest for the Orb.
     0 | D:1      | Reached XP level 1. HP: 14/14 MP: 3/3
   199 | D:1      | Reached XP level 2. HP: 20/20 MP: 0/4
   820 | D:1      | Reached XP level 3. HP: 26/26 MP: 2/6
   862 | D:1      | Learned a level 3 spell: Conjure Flame
  1533 | D:2      | Reached skill level 4 in Fire Magic
  1734 | D:2      | Reached XP level 4. HP: 33/33 MP: 3/7
  1963 | D:2      | Found a burning altar of Makhleb.
  2657 | D:3      | Reached XP level 5. HP: 28/38 MP: 0/8
  2751 | D:3      | Learned a level 4 spell: Sticky Flame
  3363 | D:3      | Noticed an ice beast
  3372 | D:3      | Killed an ice beast
  3372 | D:3      | Reached skill level 1 in Axes
  3372 | D:3      | Reached XP level 6. HP: 9/45 MP: 4/10
  4492 | D:4      | Reached skill level 5 in Fire Magic
  4695 | D:4      | HP: 1/45 [bullfrog (6)]
  4695 | D:4      | Mangled by a bullfrog

Vault maps used:
D:1:      dpeg_arrival_long_road, minmay_misc_feat_square
D:2:      lemuel_doored_altar, minmay_tetromino_l2
D:3:      first_ration
D:4:      grunt_dithmenos_shadows, lemuel_coloured_pillars_altar,
          minmay_temple_entry_statues_fountains, small_statue_intersection

Skill      XL: |  1  2  3  4  5  6 |
---------------+-------------------+-----
Spellcasting   | 2 3 |  3.1
Conjurations   | 2 3 |  3.6
Fire Magic     | 4 5 |  5.2
Axes           | 1 2 |  2.6
Dodging        | |  1.5
Stealth        | |  1.5

Action                   |  1- 3 |  4- 6 || total
-------------------------+-------+-------++-------
Melee: Unarmed           |    22 |    10 ||    32
       Hand axe          |       |    61 ||    61
 Cast: Flame Tongue      |    64 |   125 ||   189
       Conjure Flame     |       |     1 ||     1
  Use: Scroll            |       |     7 ||     7
  Eat: Chunk             |     4 |    10 ||    14
Armor: Robe              |     9 |    31 ||    40
Dodge: Dodged            |    35 |   108 ||   143

Table legend:
 A = Spawn XP
 B = Non-spawn XP
 C = Spawn XP percentage of total XP
 D = Spawn monster count
 E = Non-spawn monster count
 F = Spawn count percentage of total count
 G = Total turns spent on level
                    A         B        C        D         E        F      G
               +---------+---------+-------+---------+---------+-------+---------
         Total |       0 |     568 |   0.0 |       0 |      89 |   0.0 |  4695
               +---------+---------+-------+---------+---------+-------+---------
           D:1 |       0 |      48 |   0.0 |       0 |      24 |   0.0 |  1449
           D:2 |       0 |      78 |   0.0 |       0 |      23 |   0.0 |  1093
           D:3 |       0 |     235 |   0.0 |       0 |      35 |   0.0 |  1827
           D:4 |       0 |     207 |   0.0 |       0 |       7 |   0.0 |   326
               +---------+---------+-------+---------+---------+-------+---------
